 Dungeon Crawl Stone Soup version 0.21-a0-95-g06f091e (webtiles) character file.

207 Musica the Sneak (level 5, -8/24 HPs)
             Began as a Spriggan Enchanter on July 3, 2017.
             Mangled by an ogre
             ... wielding a +0 giant spiked club
              (32 damage)
             ... on level 3 of the Dungeon on July 4, 2017.
             The game lasted 00:31:23 (3634 turns).

Musica the Sneak (Spriggan Enchanter)               Turns: 3634, Time: 00:31:24

Health: -8/24      AC:  2    Str:  4    XL:     5   Next: 54%
Magic:  6/12       EV: 17    Int: 18    God:
Gold:   182        SH:  5    Dex: 16    Spells: 5/12 levels left

rFire    . . .     SeeInvis +   e - +2 short sword (drain)
rCold    . . .     Gourm    .   g - +0 buckler
rNeg     . . .     Faith    .   b - +0 robe
rPois    .         Spirit   .   (helmet restricted)
rElec    .         Reflect  .   (no cloak)
rCorr    .         Harm     .   (gloves unavailable)
MR       .....                  (boots unavailable)
Stlth    +++.......             t - amulet of inaccuracy (curse)
HPRegen  0.08/turn              (no ring)
MPRegen  0.13/turn              (no ring)

@: very quick
A: unfitting armour, see invisible, herbivore 3, speed 3, slow metabolism 2
a: no special abilities


You were on level 3 of the Dungeon.
You were hungry.

You visited 1 branch of the dungeon, and saw 4 of its levels.

You collected 182 gold pieces.

Inventory:

Hand Weapons
 a - a +1 dagger
 e - a +2 short sword of draining (weapon)
 j - a +1 dagger of speed
Missiles
 n - 9 tomahawks (quivered)
 p - 20 bolts
 r - 11 sling bullets
 s - 61 arrows
Armour
 b - a +0 robe (worn)
 g - a +0 buckler (worn)
Jewellery
 t - a cursed amulet of inaccuracy (around neck)
Scrolls
 k - 2 scrolls of identify
 u - a scroll of enchant weapon
Potions
 h - 3 potions of brilliance
 l - 3 potions of curing
 m - a potion of resistance {unknown}
 o - 2 potions of mutation {unknown}
 q - a potion of degeneration {unknown}
Books
 c - a book of Maledictions

   Spells                             Type                      Level
   a - Corona                         Hexes                        1
   b - Ensorcelled Hibernation        Hexes/Ice                    2
   c - Confuse                        Hexes                        3
   d - Tukima's Dance                 Hexes                        3
   e - Dazzling Spray                 Conjuration/Hexes            3
 v - a book of Minor Magic

   Spells                             Type                      Level
   a - Magic Dart                     Conjuration                  1
   b - Blink                          Translocation                2
   c - Call Imp                       Summoning                    2
   d - Slow                           Hexes                        2
   e - Conjure Flame                  Conjuration/Fire             3
   f - Mephitic Cloud                 Conjuration/Poison/Air       3
Comestibles
 d - 3 bread rations
 f - a royal jelly


   Skills:
 + Level 1.9 Short Blades
 - Level 3.1 Dodging
 + Level 6.4 Stealth
 + Level 4.0 Spellcasting
 * Level 0.4 Conjurations
 + Level 4.2 Hexes
 * Level 1.9 Ice Magic


You had 5 spell levels left.
You knew the following spells:

 Your Spells              Type           Power        Failure   Level  Hunger
a - Corona                Hex            ###....      4%          1    None
b - Ensorcelled Hibernat  Hex/Ice        ##....       11%         2    ##.....
c - Dazzling Spray        Conj/Hex       ##....       28%         3    ###....
d - Magic Dart            Conj           #...         21%         1    None


Dungeon Overview and Level Annotations

Branches:
Dungeon (4/15)
 Temple: D:4-7

Altars:

Annotations:
D:3 Ijyb


Innate Abilities, Weirdness & Mutations

You are very small and have problems with some larger weapons.
You are too small for most types of armour.
You have supernaturally acute eyesight. (SInv)
You are a herbivore.
You cover ground extremely quickly.
You need consume almost no food.


Message History

Aim: a goblin, wielding a dagger (hasn't noticed you, chance to defeat MR: 62%)
The goblin shouts!
The goblin looks drowsy...
The ogre shouts!
You see here a stone.
The helpless goblin fails to defend itself.
You impale the goblin!!
You kill the goblin!
Casting: Ensorcelled Hibernation
Confirm with . or Enter, or press ? or * to list all spells.
Aiming: Ensorcelled Hibernation
Press: ? - help, Shift-Dir - straight line, f - ogre
Aim: an ogre, wielding a giant spiked club (chance to defeat MR: 45%)
The ogre looks drowsy...
Items here: ( )) † a dagger; a hunting sling; 45 stones; a goblin corpse The ogre shouts!
The ogre hits you with a giant spiked club!!
Ouch! That really hurt!
You die...

.#.#.#.#..##..#. #.........#
#.#.#.#.#.##..#. #.........#
.#.#.#.#..##..#.####.........####
#.#.#.#.#.#...#........†.....#...
.#.#.#.#..#..##....#####.....#.##
#.#.#.#.#.#........# #.....#.##
.#.#.#.#....####)).#O.g'.....#.#.
#.#.#.#.#...# #O###ggg#######.#.
.#.#.#.#..#.## #@###### #.#.
#.#.#.#.#.#..# #)#...†########.#.
.#.#.#.#..#..###(#.###......##.#.
#.#.#[#.#.........")>'...(.....#.
.#.#.#.#..###.####..##...........
#.#.#.#.#......# #..########.####
.#.#.#.#.####..# #..# #.....
#.#.#.#.## #..###..# ##########
.#.#.#.#.# #...##..####.....#


You could see an ogre.

Vanquished Creatures
  Jessica (D:3)
  Natasha (twice) (D:3)
  3 gnolls (D:2)
  3 adders (D:2)
  An ooze (D:3)
  4 worms (D:2)
  A ball python (D:2)
  7 bats
  4 giant cockroaches
  17 goblins
  5 hobgoblins
  2 jackals (D:1)
  A quokka (D:3)
  4 frilled lizards
  4 kobolds
  5 rats
64 creatures vanquished.

Notes
Turn   | Place    | Note
-------+----------+-------------------------------------------
     0 | D:1      | Musica the Spriggan Enchanter began the quest for the Orb.
     0 | D:1      | Reached XP level 1. HP: 9/9 MP: 5/5
   370 | D:1      | Reached XP level 2. HP: 12/13 MP: 3/6
   389 | D:1      | Reached skill level 5 in Stealth
   793 | D:1      | Learned a level 2 spell: Ensorcelled Hibernation
  1247 | D:2      | Upgraded the game from 0.21-a0-94-gdd6ab6a to 0.21-a0-95-g06f091e
  1447 | D:2      | Reached XP level 3. HP: 16/16 MP: 3/8
  1752 | D:2      | Reached skill level 1 in Ice Magic
  2138 | D:2      | Reached XP level 4. HP: 21/21 MP: 7/10
  2813 | D:3      | Noticed Jessica
  2822 | D:3      | Killed Jessica
  2822 | D:3      | Reached skill level 6 in Stealth
  2822 | D:3      | Reached XP level 5. HP: 19/24 MP: 11/11
  2933 | D:3      | Learned a level 3 spell: Dazzling Spray
  3049 | D:3      | Learned a level 1 spell: Magic Dart
  3070 | D:3      | Noticed Ijyb
  3072 | D:3      | Noticed Natasha
  3126 | D:3      | Killed Natasha
  3157 | D:3      | Noticed Natasha
  3371 | D:3      | Killed Natasha
  3475 | D:3      | Noticed an ogre
  3634 | D:3      | Mangled by an ogre

Vault maps used:
D:1:      dpeg_arrival_orchard
D:2:      minmay_misc_feat_encased
D:3:      minmay_ogre_servants, uniq_natasha, uniq_jessica, uniq_ijyb
D:4:      first_bread

Skill      XL: |  1  2  3  4  5 |
---------------+----------------+-----
Stealth        | 5 6 |  6.4
Spellcasting   | 3 4 |  4.0
Hexes          | 4 |  4.2
Ice Magic      | 1 |  1.9
Short Blades   | |  1.9
Dodging        | |  3.1
Conjurations   | |  0.4

Action                   |  1- 3 |  4- 6 || total
-------------------------+-------+-------++-------
Melee: Dagger            |   157 |    10 ||   167
       Short sword       |       |    45 ||    45
       Unarmed           |       |    10 ||    10
Throw: Tomahawk          |     2 |     2 ||     4
 Cast: Corona            |     7 |       ||     7
       Ensorcelled Hiber |    17 |    32 ||    49
       Magic Dart        |       |     2 ||     2
       Dazzling Spray    |       |     2 ||     2
  Use: Scroll            |     3 |     5 ||     8
 Stab: Sleeping          |    20 |    16 ||    36
       Distracted        |     1 |       ||     1
  Eat: Fruit             |       |     2 ||     2
Armor: Robe              |    16 |     3 ||    19
Dodge: Dodged            |    85 |    39 ||   124
Block: Buckler           |    23 |     7 ||    30
